 Dungeon Crawl Stone Soup version 0.30-a0-722-g3e6e8c874d (webtiles) character file.

Game seed: 385272829135862280

64287 Dittersdorf the Blocker (level 15, -9/101 HPs)
             Began as a Gargoyle Fighter on Jan 27, 2023.
             Was the Champion of Okawaru.
             Killed by divine providence
             ... invoked by a sphinx
             ... summoned by Kirke
              (12 damage)
             ... while paralysed by a sphinx
             ... on level 1 of the Lair of Beasts.
             The game lasted 00:34:04 (17833 turns).

Dittersdorf the Blocker (Gargoyle Fighter)         Turns: 17833, Time: 00:34:05

Health: -9/101     AC: 49    Str: 27    XL:     15   Next: 12%
Magic:  15/15      EV:  2    Int: 15    God:    Okawaru [******]
Gold:   1222       SH:  0    Dex:  8    Spells: 14/14 levels left

rFire   + + .      SeeInvis +    C - +9 lance "Wyrmbane" {slay drac, rPois rF+ rC+ AC+3}
rCold   + . .      Faith    .    N - +1 buckler {AC+3}
rNeg    + . .      Spirit   .    t - +7 chain mail "Cahiwn" {rPois Dex-5 SInv Stlth+}
rPois   ∞          Reflect  .    y - +1 hat of Valiance {Rampage Str+3 Int+3 Dex+2}
rElec   +          Harm     .    L - +2 cloak
rCorr   .          Rampage  +    c - +0 pair of gloves
Will    +....                    g - +0 pair of boots Stlth
                                 i - amulet of regeneration
HPRegen 1.16/turn                l - +4 ring of protection
MPRegen 0.14/turn                Q - ring of Huc Tamismy {rF+ Int+2 SInv Stlth+}

@: paralysed, mighty, on berserk cooldown, flying, slowed
A: sickness immunity, AC +11, big wings, negative energy resistance 1,
electricity resistance, torment resistance 1, petrification resistance
a: Renounce Religion, Heroism, Finesse, Duel


You were on level 1 of the Lair of Beasts.
You worshipped Okawaru.
Okawaru was exalted by your worship.
You visited 3 branches of the dungeon, and saw 18 of its levels.
You also visited: Sewer and Bailey.

You collected 1222 gold pieces.

Inventory:

Hand Weapons
 m - a +1 morningstar of draining
 C - the +9 lance "Wyrmbane" (weapon) {slay drac, rPois rF+ rC+ AC+3}
   (You took it off Maggie on level 6 of the Dungeon)

   AC:        It affects your AC (+3).
   rF:        It protects you from fire.
   rC:        It protects you from cold.
   rPois:     It protects you from poison.
 G - the +8 storm bow {elec, penet}
   (You found it on level 7 of the Dungeon)
Missiles
 J - 2 curare-tipped darts (quivered)
 O - 3 throwing nets
Armour
 b - a +3 chain mail of willpower
 c - a +0 pair of gloves (worn)
 g - a +0 pair of boots (worn)
 t - the +7 chain mail "Cahiwn" (worn) {rPois Dex-5 SInv Stlth+}
   (Okawaru gifted it to you on level 5 of the Lair of Beasts)

   Dex:       It affects your dexterity (-5).
   rPois:     It protects you from poison.
   SInv:      It lets you see invisible.
   Stlth:     It makes you more stealthy.
 y - the +1 hat of Valiance (worn) {Rampage Str+3 Int+3 Dex+2}
   (Okawaru gifted it to you on level 2 of the Lair of Beasts)

   Str:       It affects your strength (+3).
   Int:       It affects your intelligence (+3).
   Dex:       It affects your dexterity (+2).
   Rampage:   It bestows one free step when moving towards enemies.
 L - a +2 cloak (worn)
 N - a +1 buckler of protection (worn)
Jewellery
 a - a ring of fire
 i - an amulet of regeneration (around neck)
 l - a +4 ring of protection (left hand)
 Q - the ring of Huc Tamismy (right hand) {rF+ Int+2 SInv Stlth+}
   (You found it on level 5 of the Lair of Beasts)

   [ring of see invisible]

   Int:       It affects your intelligence (+2).
   rF:        It protects you from fire.
   SInv:      It lets you see invisible.
   Stlth:     It makes you more stealthy.
Wands
 f - a wand of flame (34)
 x - a wand of digging (3)
 z - a wand of iceblast (11)
 A - a wand of acid (14)
Scrolls
 h - 5 scrolls of fog
 k - 4 scrolls of poison
 q - 4 scrolls of blinking
 r - a scroll of fear
 w - 4 scrolls of enchant weapon
 D - 8 scrolls of teleportation
 E - 3 scrolls of brand weapon
 H - 5 scrolls of magic mapping
 M - 2 scrolls of enchant armour
Potions
 d - 3 potions of might
 e - a potion of cancellation
 j - 3 potions of magic
 n - a potion of ambrosia {unknown}
 o - 3 potions of brilliance
 p - 5 potions of curing
 s - 6 potions of heal wounds
 u - a potion of mutation {unknown}
 v - 3 potions of lignification {unknown}
 B - 3 potions of invisibility {unknown}
 K - a potion of haste
 P - a potion of attraction {unknown}


   Skills:
 + Level 14.8 Fighting
 - Level 6.4 Maces & Flails
 + Level 11.0 Polearms
 + Level 14.8 Armour
 + Level 14.8 Shields


You had 14 spell levels left.
You didn't know any spells.
Your spell library contained the following spells:

 Spells                   Type           Power      Damage    Failure   Level
 Magic Dart               Conj           0%         1d3       75%         1
 Ensorcelled Hibernation  Hex/Ice        0%         N/A       86%         2
 Searing Ray              Conj           0%         2d4       86%         2
 Static Discharge         Conj/Air       0%         2-2/arc   86%         2
 Spider Form              Tmut/Pois      0%         N/A       98%         3
 Vhi's Electric Charge    Tloc/Air       0%         N/A       98%         3
 Anguish                  Hex/Necr       0%         N/A       100%        4
 Dispel Undead            Necr           0%         3d6       100%        4
 Fulminant Prism          Conj/Hex       0%         3d5       100%        4
 Passage of Golubria      Tloc           0%         N/A       100%        4
 Arcjolt                  Conj/Air       0%         1d10      100%        5
 Lightning Bolt           Conj/Air       0%         1d11      100%        5
 Yara's Violent Unravell  Hex/Tmut       0%         3d3       100%        5
 Enfeeble                 Hex            0%         N/A       100%        7
 Cigotuvi's Dreadful Rot  Necr/Pois/Air  Unusable   N/A       N/A         2
 Tukima's Dance           Hex            Unusable   N/A       N/A         3
 Death Channel            Necr           Unusable   N/A       N/A         6

Dungeon Overview and Level Annotations

Branches:
Dungeon (12/15)            Temple (1/1) D:7            Lair (5/5) D:11
 Shoals (0/4) Lair:2        Snake (0/4) Lair:2        Slime (0/5) Lair:5
  Sewer (visited)          Bailey (visited)
    Orc: D:9-12

Altars:
Ashenzari
Cheibriados
Dithmenos
Elyvilon
Fedhas
Gozag
Hepliaklqana
Kikubaaqudgha
Makhleb
Nemelex Xobeh
Okawaru
Qazlal
Ru
Sif Muna
Trog
Uskayaw
Vehumet
Wu Jian
Xom
Yredelemnul
Zin
The Shining One
Jiyva

Shops:
D:7 =

Annotations:
Lair:1 Kirke
Lair:2 exclusion: ice statue


Innate Abilities, Weirdness & Mutations

You are immune to sickness and miasma.
Your stone body is resilient. (AC +11)
You are immune to poison.
Your large and strong wings let you fly.
You resist negative energy. (rN+)
You are resistant to electric shocks. (rElec)
You are resistant to unholy torment.
You are immune to petrification.


Message History

Kirke is heavily wounded.
The sphinx hits you but does no damage. x3; Kirke hits you!
The sphinx mumbles some strange words.
Something smites you!
* * * LOW HITPOINT WARNING * * *
You impale Kirke!!
Kirke is severely wounded.
The sphinx hits you but does no damage. x2; The sphinx barely misses you.
You block Kirke's attack.
The sphinx hits you but does no damage. x2
The sphinx closely misses you.
You closely miss Kirke.
Kirke is severely wounded.
You block the sphinx's attack. x2; The sphinx hits you but does no damage.
You block the sphinx's attack.
The sphinx hits you but does no damage. x2
Kirke hits you but does no damage.
You puncture Kirke!
Kirke is almost dead.
The sphinx mumbles some strange words.
You suddenly lose the ability to move!
The sphinx mumbles some strange words.
You shrug off the repeated paralysis!
Kirke hits you but does no damage. The sphinx hits you!
* * * LOW HITPOINT WARNING * * *
The sphinx hits you but does no damage. x2
The sphinx hits you but does no damage. The sphinx barely misses you.
The sphinx hits you but does no damage. The sphinx hits you.
* * * LOW HITPOINT WARNING * * *
The sphinx hits you but does no damage. x2
Kirke gestures at you while chanting.
You feel as though you will be slow longer.
The sphinx mumbles some strange words.
Something smites you!
* * * LOW HITPOINT WARNING * * *
The sphinx disappears in a puff of smoke!
Kirke throws some weird powder.
Kirke gestures at you while chanting.
You struggle to resist.
The sphinx casts a spell.
Something smites you!
You die...

## ### ### ### ######
.#####.######.######.######[##.##
.................................
................§H...............
................@@H..............
..........###...#####.#..........
..........# #...# ###..........
..........# #...# #P@.........
..........# #...## #..<........
..........###....# ##..........
...........##...## #..........
(.........###...# #..........
...........##...# #.........[


You could see Kirke and 2 sphinxes.

Vanquished Creatures
  The ghost of Xeinaf the Brawler, a journeyman TrAr of Nemelex Xobeh (Lair:3)
  Snorg (D:12)
  Harold (Lair:1)
  6 hydras
  A catoblepas (Lair:5)
  2 vault guards (Bailey)
  A centaur warrior (D:8)
  6 two-headed ogres
  7 boulder beetles
  A lindwurm (Lair:4)
  2 wolf spiders (Lair:5)
  2 cyclopes
  13 elephants
  Joseph (D:7)
  Maurice (D:8)
  The ghost of TheSexyCheese the Trooper, a novice MiFi (D:4)
  4 black mambas
  12 cane toads
  3 unseen horrors
  Maggie (D:6)
  A freezing wraith (Lair:2)
  15 komodo dragons
  5 trolls
  Prince Ribbit (Bailey)
  5 polar bears
  7 hornets
  7 dream sheep
  Grinder (D:6)
  18 blink frogs
  5 slime creatures (D:11)
  4 shadows
  16 spriggans (Lair:5)
  Sigmund (D:6)
  A wraith (D:10)
  3 humans (Bailey)
  22 yaks
  3 basilisks
  14 wyverns
  4 hogs (D:11)
  A steam dragon (D:8)
  A redback (D:9)
  Edmund (D:6)
  A naga (Lair:2)
  3 vampire mosquitoes
  11 water moccasins
  6 orc warriors
  8 black bears
  12 ice beasts
  4 boggarts (Lair:5)
  38 wolves
  8 centaurs
  3 kobold brigands
  17 bullfrogs
  A gnoll sergeant (D:9)
  2 necrophages
  3 scorpions
  9 wights
  6 killer bees (D:11)
  3 howler monkeys
  A lava snake (D:7)
  4 orc priests
  2 hounds (D:4)
  2 jellies
  3 gnoll boudas
  5 hell rats (Lair:3)
  9 iguanas
  Natasha (thrice) (D:2)
  3 orc wizards
  Robin (D:2)
  20 gnolls
  13 adders
  2 shadow imps
  4 white imps
  3 ufetubi
  2 worms (D:2)
  3 dart slugs
  28 orcs
  17 endoplasms
  9 giant cockroaches
  6 hobgoblins
  3 jackals (D:2)
  11 quokkas
  18 ball pythons
  7 bats
  16 frilled lizards
  16 goblins
  23 kobolds
  4 rats
576 creatures vanquished.

Vanquished Creatures (others)
  A kobold brigand (D:8)
  An orc wizard (D:3)
  16 fungi
  42 plants
  A withered plant (D:1)
61 creatures vanquished.

Grand Total: 637 creatures vanquished

Notes
Turn   | Place    | Note
-------+----------+-------------------------------------------
     0 | D:1      | Dittersdorf the Gargoyle Fighter began the quest for the
                  | Orb.
     0 | D:1      | Reached XP level 1. HP: 14/14 MP: 1/1
   312 | D:1      | Reached XP level 2. HP: 10/19 MP: 2/2
   639 | D:1      | Found a faded altar of an unknown god.
   774 | D:1      | Reached XP level 3. HP: 23/23 MP: 3/3
  1109 | D:2      | Noticed Robin
  1120 | D:2      | Killed Robin
  1323 | D:2      | Reached XP level 4. HP: 29/29 MP: 4/4
  1357 | D:2      | Noticed Natasha
  1372 | D:2      | Killed Natasha
  1622 | D:2      | Reached XP level 5. HP: 27/33 MP: 5/5
  1773 | D:2      | Noticed Natasha
  1782 | D:2      | Killed Natasha
  1799 | D:2      | Noticed Natasha
  1805 | D:2      | Killed Natasha
  2402 | D:3      | Identified the +0 cloak of Egalitarianism {Str-2 Int+8
                  | Slay+5}
  2516 | D:3      | Reached XP level 6. HP: 39/39 MP: 6/6
  3210 | D:5      | Entered Level 5 of the Dungeon
  3210 | D:5      | Noticed a black bear
  3217 | D:4      | Killed a black bear
  3238 | D:4      | Reached skill level 5 in Shields
  3273 | D:4      | Reached skill level 5 in Armour
  3275 | D:4      | Reached skill level 5 in Fighting
  3321 | D:4      | Reached XP level 7. HP: 44/44 MP: 7/7
  3655 | D:4      | Found a large runed translucent door.
  3656 | D:4      | Found a large runed translucent door.
  3658 | D:4      | Noticed TheSexyCheese's ghost (novice MiFi)
  4700 | D:6      | Reached XP level 8. HP: 51/51 MP: 8/8
  4795 | D:6      | Found a glowing drain.
  4820 | D:6      | Reached skill level 5 in Maces & Flails
  4839 | Sewer    | Entered a sewer
  5496 | D:6      | Noticed Edmund
  5513 | D:6      | Killed Edmund
  5639 | D:6      | Noticed a hornet
  5670 | D:5      | Killed a hornet
  5672 | D:5      | Reached XP level 9. HP: 46/56 MP: 9/9
  5709 | D:6      | Noticed Sigmund
  5720 | D:6      | Killed Sigmund
  5874 | D:6      | Noticed Grinder
  5886 | D:6      | Killed Grinder
  5954 | D:6      | Noticed Maggie
  5983 | D:6      | Killed Maggie
  6155 | D:7      | Noticed Joseph
  6197 | D:7      | Reached skill level 1 in Polearms
  6208 | D:7      | Killed Joseph
  6376 | D:7      | Reached XP level 10. HP: 46/64 MP: 10/10
  6446 | D:7      | Found a staircase to the Ecumenical Temple.
  6454 | Temple   | Entered the Ecumenical Temple
  6601 | Temple   | Became a worshipper of Warmaster Okawaru
  6681 | D:7      | Found a flagged portal.
  6686 | Bailey   | Entered a bailey
  6781 | Bailey   | Reached * piety under Okawaru
  6792 | Bailey   | Noticed a vault guard
  6796 | Bailey   | Noticed Prince Ribbit
  6808 | Bailey   | Killed a vault guard
  6817 | Bailey   | Killed Prince Ribbit
  6879 | Bailey   | Noticed a vault guard
  6893 | Bailey   | Killed a vault guard
  6955 | D:7      | Found Poeqen's Jewellery Boutique.
  7262 | D:7      | Noticed a two-headed ogre
  7273 | D:7      | Killed a two-headed ogre
  7274 | D:7      | Reached XP level 11. HP: 52/72 MP: 11/11
  7297 | D:7      | Reached ** piety under Okawaru
  7298 | D:7      | Reached skill level 5 in Polearms
  7346 | D:7      | Found the +8 storm bow {elec, penet}
  7374 | D:7      | Noticed a cyclops
  7380 | D:7      | Killed a cyclops
  7381 | D:7      | Reached skill level 10 in Shields
  7382 | D:7      | Identified the +0 steam dragon scales "Keqew" {*Slow +Blink
                  | rPois SInv}
  7405 | D:7      | Reached skill level 10 in Fighting
  7405 | D:7      | Reached skill level 10 in Armour
  7411 | D:7      | Noticed a boulder beetle
  7441 | D:7      | Killed a boulder beetle
  7561 | D:8      | Found an ancient bone altar of Kikubaaqudgha.
  7568 | D:8      | Found an opulent altar of Gozag.
  7649 | D:8      | Noticed a boulder beetle
  7685 | D:8      | Killed a boulder beetle
  7685 | D:8      | Reached *** piety under Okawaru
  7728 | D:8      | Noticed Maurice
  7743 | D:8      | Killed Maurice
  7844 | D:8      | Identified the +6 long sword of Paper {vamp, rElec rPois
                  | rCorr}
  7857 | D:8      | Noticed a cyclops
  7867 | D:8      | Killed a cyclops
  8334 | D:9      | Noticed a centaur warrior
  8334 | D:9      | Noticed a two-headed ogre
  8335 | D:9      | Noticed a boulder beetle
  8381 | D:8      | Killed a centaur warrior
  8418 | D:8      | Reached **** piety under Okawaru
  8424 | D:8      | Killed a two-headed ogre
  8478 | D:8      | Reached XP level 12. HP: 72/79 MP: 12/12
  8612 | D:9      | Noticed a two-headed ogre
  8622 | D:9      | Killed a two-headed ogre
  8622 | D:9      | Reached ***** piety under Okawaru
  9252 | D:9      | Killed a boulder beetle
  9522 | D:10     | Entered Level 10 of the Dungeon
  9591 | D:10     | Found a burning altar of Makhleb.
  9853 | D:10     | Noticed a two-headed ogre
  9859 | D:10     | Killed a two-headed ogre
 10018 | D:10     | Found a white marble altar of Elyvilon.
 10566 | D:11     | Noticed a boulder beetle
 10599 | D:11     | Killed a boulder beetle
 10866 | D:11     | Found a staircase to the Lair.
 10923 | D:11     | Noticed a boulder beetle
 10981 | D:11     | Killed a boulder beetle
 10981 | D:11     | Reached ****** piety under Okawaru
 11054 | D:11     | Noticed a two-headed ogre
 11062 | D:11     | Killed a two-headed ogre
 11105 | D:11     | Noticed a two-headed ogre
 11113 | D:11     | Killed a two-headed ogre
 11114 | D:11     | Reached XP level 13. HP: 62/86 MP: 13/13
 11200 | D:11     | Received a gift from Okawaru
 11422 | Lair:1   | Entered Level 1 of the Lair of Beasts
 11738 | Lair:1   | Noticed Harold
 11753 | Lair:1   | Killed Harold
 12654 | Lair:2   | Identified the +1 hat of Valiance {Rampage Str+3 Int+3
                  | Dex+2} (Okawaru gifted it to you on level 2 of the Lair of
                  | Beasts)
 12654 | Lair:2   | Received a gift from Okawaru
 12698 | Lair:2   | Found a staircase to the Snake Pit.
 12974 | Lair:2   | Found a staircase to the Shoals.
 13617 | D:4      | Killed TheSexyCheese's ghost
 13896 | Lair:3   | Gained mutation: Your large and strong wings let you fly.
                  | [Gargoyle growth]
 13896 | Lair:3   | Reached XP level 14. HP: 65/94 MP: 14/14
 13942 | Lair:3   | Found a runed translucent door.
 14661 | Lair:3   | Noticed Xeinaf's ghost (journeyman TrAr)
 14780 | Lair:3   | Killed Xeinaf's ghost
 14969 | Lair:4   | Identified the +9 demon trident of Urgency {flame, Str-4
                  | Dex+6 SInv} (Okawaru gifted it to you on level 4 of the
                  | Lair of Beasts)
 14969 | Lair:4   | Received a gift from Okawaru
 15103 | Lair:4   | Reached skill level 10 in Polearms
 15929 | Lair:5   | Entered Level 5 of the Lair of Beasts
 16484 | Lair:5   | Identified the +7 chain mail "Cahiwn" {rPois Dex-5 SInv
                  | Stlth+} (Okawaru gifted it to you on level 5 of the Lair of
                  | Beasts)
 16484 | Lair:5   | Received a gift from Okawaru
 16590 | Lair:5   | Identified the ring of Huc Tamismy {rF+ Int+2 SInv Stlth+}
 16953 | Lair:5   | Found a staircase to the Slime Pits.
 16954 | Lair:5   | Found a viscous altar of Jiyva.
 17057 | Lair:5   | Reached XP level 15. HP: 60/101 MP: 15/15
 17537 | D:12     | Noticed Snorg
 17555 | D:12     | Killed Snorg
 17567 | D:12     | Noticed Kirke
 17787 | Lair:1   | Noticed a sphinx
 17803 | Lair:1   | Noticed a sphinx
 17804 | Lair:1   | Paralysed by a sphinx for 4 turns
 17814 | Lair:1   | Paralysed by a sphinx for 4 turns
 17824 | Lair:1   | Noticed a sphinx
 17830 | Lair:1   | Paralysed by a sphinx for 4 turns
 17832 | Lair:1   | HP: 2/101 [sphinx/divine providence[Kirke] (8)]
 17833 | Lair:1   | Killed from afar by a sphinx

Illustrated notes

Levels and vault maps discovered:
D:1:      dpeg_arrival_short_road, layout_loops_corners,
          ebering_ecumenical_altar_petrified
D:2:      layout_loops_ring, corexii_item_surrounded_by_moat,
          dreamdust_princess_bridge, minmay_three_crescents, uniq_natasha,
          uniq_robin
D:3:      layout_loops_corners, minivault_27
D:4:      layout_basic, ebering_ghost_disaster_area, minmay_lizard_king
D:5:      layout_rooms, serial_corexii_hall, chequers_hall_statues_y,
          chequers_hall_statues_wall_a, corexii_hall_statues_l,
          corexii_hall_statues_i
D:6:      layout_basic, gup_sewer_entry_glass, roderic_roman_lattice,
          uniq_grinder, uniq_maggie, uniq_sigmund, uniq_edmund
D:7:      layout_rooms, minmay_temple_entry_ruins, enter_bailey_1, serial_shops,
          nicolae_inconvenience_store, grunt_decor_fettered, minmay_the_grid_2x2
          [minmay_the_grid_diamond_grid, minmay_the_grid_large_cup,
          minmay_the_grid_broken_lines,
          minmay_the_grid_prize_four_corners_diamond_a], uniq_joseph
D:8:      layout_basic, nicolae_gozag_cash_rules_everything_around_me,
          mainiacjoe_overflow_cross_hatched, small_chamber_with_monster,
          minmay_misc_feat_chi, uniq_maurice
D:9:      nzn_winding_woodlands_cross
          [nzn_winding_woodlands_5x15_pathside_ponds,
          nzn_winding_woodlands_5x15_default,
          nzn_winding_woodlands_5x15_longhouse,
          nzn_winding_woodlands_5x15_lazy_stream,
          nzn_winding_woodlands_15x15_killbox], layout_basic
D:10:     layout_basic, kennysheep_mini, lemuel_round_altar,
          minmay_unpleasant_kobolds
D:11:     wad_woods_tower, layout_irregular_city
D:12:     layout_cave_pools, orc_0_dummy, minivault_7, uniq_kirke, uniq_snorg
Temple:   regret_index_temple_chain_breaker
Lair:1:   layout_long_grid, st_stairs_3, eino_small_chamber_without_monster,
          uniq_harold
Lair:2:   layout_roguey, elwin_shoals_entry_rocks, guppyfry_snake_entry_garden,
          minmay_stone_trees_medium, ice2_lemuel
Lair:3:   layout_cave_pods, gammafunk_ghost_grave, grunt_megastairs_5,
          serial_bayou_shore_b
Lair:4:   layout_long_grid, hibernation_bobbens
Lair:5:   minmay_lair_end_enchanted_forest, layout_big_grid, slime_entry_1,
          nicolae_lair_run_with_the_wolves

Skill      XL: |  1  2  3  4  5  6  7  8  9 10 11 12 13 14 15 |
---------------+----------------------------------------------+-----
Fighting       | 4 5 6 8 9 10 12 13 14 | 14.8
Armour         | 4 5 6 8 9 10 12 13 14 | 14.8
Shields        | 4 5 6 8 9 11 12 13 14 | 14.8
Maces & Flails | 3 4 5 6 |  6.4
Polearms       | 2 4 6 8 9 10 11 | 11.0

Action                     |  1- 3 |  4- 6 |  7- 9 | 10-12 | 13-15 || total
---------------------------+-------+-------+-------+-------+-------++-------
  Melee: Flail             |    90 |       |       |       |       ||    90
         Morningstar       |    34 |   201 |   312 |       |       ||   547
         Lance             |       |       |    62 |   637 |  1341 ||  2040
         Unarmed           |       |       |       |       |     6 ||     6
  Throw: Dart              |       |     3 |    24 |    28 |     1 ||    56
 Invoke: Heroism           |       |       |       |     3 |     5 ||     8
    Use: Scroll            |       |     7 |     4 |     9 |     3 ||    23
         Potion            |       |       |       |       |     7 ||     7
 Armour: Scale mail        |    78 |   171 |    59 |       |       ||   308
         Chain mail        |       |       |   195 |   411 |  1069 ||  1675
  Dodge: Dodged            |    72 |   126 |   172 |   184 |   447 ||  1001
  Block: Buckler           |    26 |    61 |   125 |   178 |   483 ||   873

Table legend: (Time is in decaauts)
 A = Elapsed time spent in this place.
 B = Non-inter-level travel time spent in this place.
 C = Inter-level travel time spent in this place.
 D = Time resting spent in this place.
 E = Time spent auto-exploring this place.
 F = Levels seen in this place.
 G = Mean time per level.
                   A        B        C        D        E       F      G
               +--------+--------+--------+--------+--------+-----+--------+
         Total |  17559 |  16524 |   1035 |   1262 |  10613 |  20 |  878.0 |
       Dungeon |  10967 |  10198 |    769 |    675 |   6701 |  12 |  913.9 |
        Temple |    162 |    130 |     32 |      0 |    112 |   1 |  162.0 |
          Lair |   5489 |   5256 |    233 |    246 |   3694 |   5 | 1097.8 |
         Sewer |    689 |    689 |      0 |    301 |     38 |   1 |  689.0 |
        Bailey |    249 |    249 |      0 |     40 |     67 |   1 |  249.0 |
               +--------+--------+--------+--------+--------+-----+--------+

Top non-repeatable levels by time:
  Lair:5: 1213 daAuts
     D:3: 1211 daAuts
  Lair:4: 1144 daAuts
     D:9: 1138 daAuts
    D:11: 1082 daAuts
  Lair:2: 1075 daAuts
     D:2: 1061 daAuts
  Lair:3: 1030 daAuts
  Lair:1: 1025 daAuts
     D:4: 1021 daAuts
     D:1: 980 daAuts
     D:7: 969 daAuts
    D:10: 965 daAuts
     D:6: 866 daAuts
     D:8: 854 daAuts
